 Dungeon Crawl Stone Soup version 0.30-a0-939-gc8157cb160 (webtiles) character file.

Game seed: 8175391363075482517

10 senseless the Firebug (level 2, -1/15 HPs)
             Began as a Deep Elf Fire Elementalist on Mar 25, 2023.
             Slain by a quokka (5 damage)
             ... on level 1 of the Dungeon.
             The game lasted 00:01:26 (422 turns).

senseless the Firebug (Deep Elf Fire Elementalist)   Turns: 422, Time: 00:01:27

Health: -1/15      AC:  2    Str:  5    XL:     2   Next: 10%
Magic:  4/8        EV: 12    Int: 19    God:
Gold:   9          SH:  0    Dex: 15    Spells: 6/7 levels left

rFire   + . .      SeeInvis .    (no weapon)
rCold   x . .      Faith    .    (no shield)
rNeg    . . .      Spirit   .    a - +0 robe
rPois   .          Reflect  .    (no helmet)
rElec   .          Rampage  .    (no cloak)
rCorr   .                        (no gloves)
Will    .....                    (no boots)
Stlth   ++                       (no amulet)
HPRegen 0.22/turn                d - ring of fire
MPRegen 0.11/turn                (no ring)

@: no status effects
A: no striking features
a: no special abilities


You were on level 1 of the Dungeon.
You visited 1 branch of the dungeon, and saw 1 of its levels.

You collected 9 gold pieces.

Inventory:

Armour
 a - a +0 robe (worn)
Jewellery
 d - a ring of fire (left hand)
Scrolls
 c - a scroll of identify {unknown}
 e - a scroll of fog {unknown}
Potions
 b - a potion of magic
 f - a potion of degeneration {unknown}
 g - a potion of haste {unknown}
 h - a potion of brilliance {unknown}


   Skills:
 + Level 2.6 Dodging
 + Level 2.7 Stealth
 + Level 3.2 Spellcasting
 + Level 1.4 Conjurations
 + Level 3.4 Fire Magic


You had 6 spell levels left.
You knew the following spells:

 Your Spells              Type           Power      Damage    Failure   Level
a - Foxfire               Conj/Fire      72%        2x1d7     5%          1

Your spell library contained the following spells:

 Spells                   Type           Power      Damage    Failure   Level
 Scorch                   Fire           48%        2d7       5%          2
 Inner Flame              Hex/Fire       14%        N/A       22%         3
 Kindle Blastsparks       Fire/Tloc/Air  22%        2d11      28%         3
 Flame Wave               Conj/Fire      18%        2d7       50%         4


Dungeon Overview and Level Annotations

Branches:
Dungeon (1/15)

Altars:


Message History

The frilled lizard hisses angrily.
You feel a surge of power!
You conjure some foxfire!
The foxfire hits the frilled lizard.
You kill the frilled lizard!
Your foxfire dissipates!
You see here a ball python corpse.
A frilled lizard and a quokka come into view.
The frilled lizard hisses angrily.
You feel a surge of power!
You miscast Foxfire.
You are very lightly contaminated with residual magic.
Nothing appears to happen.
You feel a surge of power!
You conjure some foxfire!
The quokka twitches its whiskers.
The foxfire hits the frilled lizard.
You kill the frilled lizard!
Your foxfire dissipates!
The quokka attacks as you move away! The quokka misses you.
The quokka bites you.
You feel a surge of power!
You conjure some foxfire!
The quokka bites you.
Your foxfire dissipates!
The quokka attacks as you move away! The quokka barely misses you.
The quokka attacks as you move away! The quokka bites you.
* * * LOW HITPOINT WARNING * * *
Your magical contamination has completely faded away.
You are too injured to fight recklessly!
Casting: Foxfire (safe; 5% risk of failure)
Confirm with . or Enter, or press ? or * to list all spells.
You feel a surge of power!
You conjure some foxfire!
The quokka closely misses you. The quokka completely misses you.
Your foxfire dissipates!
The quokka attacks as you move away! The quokka barely misses you.
The foxfire hits the quokka.
The quokka is almost dead.
The quokka bites you.
* * * LOW HITPOINT WARNING * * *
Casting: Foxfire (safe; 5% risk of failure)
Confirm with . or Enter, or press ? or * to list all spells.
You feel a surge of power!
You conjure some foxfire!
The quokka misses you. The quokka attacks as you move away!
The quokka bites you.
You die...

#..###############.
##.##......'.....#.
#.##......'[....#.
#.##..(...'....)#.
#†##...######...#.
#.##...#..'<#...#.
#.##...#..###'''#'
#.##'''#''##....#.
##.########@##...#...'....#.
..........vrv#...#...'....#.
......†#######...#...'....#.
##.###. #...##########. ##
#.......'......
#.......'......
#.......'......
###############


You could see a quokka (ally target).

Vanquished Creatures
  A bat (D:1)
  An endoplasm (D:1)
  A goblin (D:1)
  2 hobgoblins (D:1)
  A ball python (D:1)
  4 frilled lizards (D:1)
10 creatures vanquished.

Vanquished Creatures (others)
  20 foxfires (D:1)
  3 plants (D:1)
23 creatures vanquished.

Grand Total: 33 creatures vanquished

Notes
Turn   | Place    | Note
-------+----------+-------------------------------------------
     0 | D:1      | senseless the Deep Elf Fire Elementalist began the quest
                  | for the Orb.
     0 | D:1      | Reached XP level 1. HP: 10/10 MP: 6/6
   272 | D:1      | Reached XP level 2. HP: 15/15 MP: 5/8
   422 | D:1      | Slain by a quokka

Illustrated notes

Levels and vault maps discovered:
D:1:      minmay_arrival_widening_spiral_wide, layout_loops_ring,
          serial_bayou_lagoon_b

Action                     || total
---------------------------++-------
   Cast: Foxfire           ||    17
  Dodge: Dodged            ||     9

Table legend: (Time is in decaauts)
 A = Elapsed time spent in this place.
 B = Non-inter-level travel time spent in this place.
 C = Inter-level travel time spent in this place.
 D = Time resting spent in this place.
 E = Time spent auto-exploring this place.
 F = Levels seen in this place.
 G = Mean time per level.
                   A        B        C        D        E       F      G
               +--------+--------+--------+--------+--------+-----+--------+
         Total |    421 |    421 |      0 |      0 |    361 |   1 |  421.0 |
       Dungeon |    421 |    421 |      0 |      0 |    361 |   1 |  421.0 |
               +--------+--------+--------+--------+--------+-----+--------+

Top non-repeatable levels by time:
     D:1: 421 daAuts
